 Dungeon Crawl Stone Soup version 0.28.0-43-g3370ac3207 (webtiles) character file.

Game seed: 3656650283534955776

30717 smarlow the Thaumaturge (level 13, -6/94 HPs)
             Began as a Djinni Conjurer on Mar 4, 2022.
             Mangled by a cane toad (11 damage)
             ... while petrified by a basilisk
             ... on level 5 of the Lair of Beasts.
             The game lasted 00:59:32 (28678 turns).

smarlow the Thaumaturge (Djinni Conjurer)          Turns: 28678, Time: 00:59:33

Health: -6/94      AC:  5    Str: 10    XL:     13   Next: 90%
Gold:   1476       EV:  2    Int: 23    God:
                   SH:  0    Dex: 20

rFire   + + .      SeeInvis +   m - +6 great sword of the Ancient Dances {flame, Str+4 Stlth+}
rCold   x x .      Faith    .   (shield currently unavailable)
rNeg    + + +      Spirit   .   a - +1 robe
rPois   ∞          Reflect  .   q - +0 helmet
rElec   .          Harm     .   h - scarf {repulsion}
rCorr   +          Rampage  .   (no gloves)
Will    +....                   (boots unavailable)
Stlth   +++++.....              r - amulet "Virra" {Acrobat rPois rC- rCorr}
HPRegen 0.25/turn               f - ring of see invisible
MPRegen 0.00/turn               x - +6 ring of dexterity

@: petrified, flying, repel missiles
A: sickness immunity, fire resistance 2, cold vulnerability 1, float, innate
caster, HP casting, extra vitality 1
a: no special abilities


You were on level 5 of the Lair of Beasts.
You visited 3 branches of the dungeon, and saw 16 of its levels.
You also visited: Sewer and Bailey.

You collected 1476 gold pieces.

Inventory:

Hand Weapons
 m - the +6 great sword of the Ancient Dances (weapon) {flame, Str+4 Stlth+}
   (You found it in a sewer)

   It burns those it strikes, dealing additional fire damage.
   Big, fiery blades are also staple armaments of hydra-hunters.
   Str:       It affects your strength (+4).
   Stlth:     It makes you more stealthy.
 J - the +10 rapier "Worm's Wrath" {holy, Will+}
   (You found it on level 4 of the Lair of Beasts)

   It has been blessed by the Shining One to cause great damage to the undead
   and demons.
   Will:      It increases your willpower.
Missiles
 k - 7 throwing nets
Armour
 a - a +1 robe (worn)
 h - a scarf of repulsion (worn)
 q - a +0 helmet (worn)
Jewellery
 f - a ring of see invisible (left hand)
 r - the amulet "Virra" (around neck) {Acrobat rPois rC- rCorr}
   (You took it off a kobold brigand on level 10 of the Dungeon)

   [amulet of the acrobat]

   It increases your evasion while moving and waiting.
   rC:        It makes you vulnerable to cold.
   rPois:     It protects you from poison.
   rCorr:     It protects you from acid and corrosion.
 u - a ring of willpower
 x - a +6 ring of dexterity (right hand)
 z - a ring of positive energy
Wands
 n - a wand of charming (13)
 p - a wand of iceblast (7)
 A - a wand of mindburst (5)
 C - a wand of flame (39)
 H - a wand of acid (7)
 I - a wand of paralysis (5)
Scrolls
 b - 7 scrolls of teleportation
 e - 5 scrolls of blinking
 i - 2 scrolls of brand weapon
 l - a scroll of vulnerability
 w - 5 scrolls of immolation
 y - 2 scrolls of fear
 D - 2 scrolls of magic mapping
 F - 4 scrolls of fog
Potions
 c - 2 potions of might
 d - a potion of mutation
 g - a potion of ambrosia
 j - 2 potions of berserk rage
 o - 8 potions of curing
 s - 2 potions of lignification
 t - 3 potions of haste
 v - 3 potions of heal wounds
 B - 3 potions of attraction {unknown}
 E - a potion of brilliance {unknown}
 G - 3 potions of invisibility {unknown}


   Skills:
 + Level 9.3 Fighting
 + Level 8.4 Long Blades
 + Level 9.2 Armour
 - Level 9.0 Dodging
 + Level 8.7 Stealth
 * Level 9.3 Spellcasting


You couldn't memorise any spells.
You knew the following spells:

 Your Spells              Type           Power      Damage    Failure   Level
a - Magic Dart            Conj           100%       1d8       1%          1
b - Searing Ray           Conj           100%       2d8       1%          2
c - Dazzling Flash        Conj/Hex       100%       N/A       1%          3
d - Fulminant Prism       Conj/Hex       26%        3d14      1%          4
e - Iskenderun's Mystic   Conj/Tloc      52%        2d11      1%          4
f - Summon Small Mammal   Summ           100%       N/A       1%          1
g - Scorch                Fire           100%       2d10      1%          2
h - Wereblood             Tmut           52%        N/A       1%          2
i - Tukima's Dance        Hex            52%        N/A       1%          3
j - Yara's Violent Unrav  Hex/Tmut       26%        3d11      3%          5
k - Iskenderun's Battles  Conj           52%        2d10      3%          5
Your spell library was empty.

Dungeon Overview and Level Annotations

Branches:
Dungeon (10/15)            Temple (1/1) D:7            Lair (5/6) D:9
 Shoals (0/4) Lair:4        Snake (0/4) Lair:3          Orc (0/2) D:9
  Sewer (visited)          Bailey (visited)
  Slime: Lair:5-6

Altars:
Ashenzari
Cheibriados
Dithmenos
Elyvilon
Fedhas
Gozag
Hepliaklqana
Kikubaaqudgha
Makhleb
Nemelex Xobeh
Okawaru
Qazlal
Ru
Sif Muna
Trog
Uskayaw
Vehumet
Wu Jian
Xom
Yredelemnul
Zin
The Shining One

Annotations:
D:10 2 runed translucent doors
Lair:3 1 runed translucent door, Jenx's ghost, journeyman TrMo


Innate Abilities, Weirdness & Mutations

You are immune to sickness and miasma.
You are immune to poison.
Your flesh is very heat resistant. (rF++)
You are vulnerable to cold. (rC-)
You float through the air rather than walking.
You learn spells naturally, not from books.
Your magical power is your life essence.
You have superior vitality. (+4 MHP)


Message History

Casting: Iskenderun's Mystic Blast (mildly dangerous; 1% risk of failure)
Confirm with . or Enter, or press ? or * to list all spells.
You erupt in a blast of force!
The mystic blast hits the cane toad!
The cane toad is almost dead.
The cane toad is knocked back by the mystic blast.
The mystic blast hits the cane toad!
The cane toad is moderately wounded.
The cane toad is knocked back by the mystic blast.
The basilisk gazes at you.
You are slowing down.
Casting: Iskenderun's Mystic Blast (mildly dangerous; 1% risk of failure)
Confirm with . or Enter, or press ? or * to list all spells.
You erupt in a blast of force!
The mystic blast hits the basilisk.
The basilisk is lightly wounded.
The basilisk is knocked back by the mystic blast.
The basilisk slams into the rock wall!
Your limbs are stiffening.
Unknown command.
Okay, then.
It was a potion of heal wounds.
You feel much better. The cane toad stings you!
The cane toad completely misses you. The cane toad stings you!!
You have turned to stone.
The cane toad stings you but does no damage.
The cane toad stings you! The basilisk bites you! The cane toad stings you! x2
The basilisk gazes at you.
You easily resist.
The cane toad stings you. x2; The cane toad stings you!
The basilisk gazes at you. The cane toad stings you!! The cane toad stings you!
* * * LOW HITPOINT WARNING * * *
The cane toad stings you!
* * * LOW HITPOINT WARNING * * *
The basilisk bites you.
* * * LOW HITPOINT WARNING * * *
The cane toad stings you. The cane toad barely misses you.
The basilisk bites you but does no damage.
The cane toad stings you!
* * * LOW HITPOINT WARNING * * *
The cane toad stings you!!
You die...

..... .....#
#..... ....###
#..P.## #....##
#.<..#####
#.#.....#..##...
#......@F......
##....F.l......
#......##..#...
.......P##
##.... .......##
P.. #.P#P...# ..
#.##..... . ##
##... . #.


You could see 2 cane toads and a basilisk.

Vanquished Creatures
  A fire dragon (D:10)
  2 hydras
  A boulder beetle (D:10)
  A catoblepas (Lair:4)
  4 death yaks
  3 two-headed ogres
  Sonja (Lair:2)
  A deep elf pyromancer (D:10)
  A cyclops (D:10)
  A manticore (D:7)
  6 elephants (Lair:3)
  2 black mambas
  An unseen horror (D:10)
  6 cane toads
  Maggie (Lair:2)
  A rime drake (Lair:2)
  6 komodo dragons
  16 blink frogs
  A wraith (D:5)
  Eustachio (D:6)
  A vampire (D:10)
  21 yaks
  A basilisk (D:10)
  Grum (Bailey)
  4 wyverns
  A dancing weapon (Lair:2)
  A vampire mosquito (D:10)
  2 nagas (Lair:3)
  5 water moccasins
  A sky beast (D:6)
  A swamp drake (D:9)
  7 orc warriors
  2 ogres
  11 wolves
  6 centaurs
  A boggart (D:10)
  A phantom (D:7)
  4 kobold brigands
  11 bullfrogs
  8 gnoll sergeants
  2 wyvern zombies
  2 wyvern skeletons
  14 killer bees
  3 howler monkeys
  A bullfrog zombie (D:5)
  6 centaur zombies
  5 hounds
  A bullfrog skeleton (D:4)
  7 gnoll shamans (Bailey)
  6 orc priests
  3 centaur skeletons
  2 iguanas
  9 orc wizards
  A mummy (D:8)
  A howler monkey zombie (D:8)
  Robin (D:4)
  8 adders
  21 gnolls
  A white imp (D:6)
  2 ufetubi
  4 worms
  2 dart slugs
  35 orcs
  7 endoplasms
  12 giant cockroaches
  19 goblins
  7 hobgoblins
  2 jackals (D:2)
  5 quokkas
  10 ball pythons
  5 bats
  11 frilled lizards
  2 hobgoblin zombies (D:8)
  26 kobolds
  5 rats
  3 fulminant prisms
398 creatures vanquished.

Vanquished Creatures (others)
  A dancing weapon (D:6)
  A bush (Lair:4)
  134 fulminant prisms
  36 fungi
  36 plants
208 creatures vanquished.

Grand Total: 606 creatures vanquished

Notes
Turn   | Place    | Note
-------+----------+-------------------------------------------
     0 | D:1      | smarlow the Djinni Conjurer began the quest for the Orb.
     0 | D:1      | Reached XP level 1. HP: 15/15 MP: 0/0
   451 | D:1      | Reached XP level 2. HP: 18/21 MP: 0/0
  1075 | D:1      | Reached XP level 3. HP: 21/25 MP: 0/0
  1075 | D:1      | Learned a level 1 spell: Summon Small Mammal
  2280 | D:2      | Found a faded altar of an unknown god.
  2350 | D:2      | Reached XP level 4. HP: 29/31 MP: 0/0
  3332 | D:3      | Reached XP level 5. HP: 31/35 MP: 0/0
  3332 | D:3      | Learned a level 2 spell: Scorch
  3474 | D:3      | Found a white marble altar of Elyvilon.
  4082 | D:4      | Reached skill level 5 in Spellcasting
  4084 | D:4      | Noticed Robin
  4130 | D:4      | Found a glowing drain.
  4139 | Sewer    | Entered a sewer
  4637 | Sewer    | Noticed a bullfrog
  4643 | Sewer    | Killed a bullfrog
  4644 | Sewer    | Reached XP level 6. HP: 18/40 MP: 0/0
  4962 | Sewer    | Identified the +6 great sword of the Ancient Dances {flame,
                  | Str+4 Stlth+}
  5385 | D:4      | Killed Robin
  5474 | D:4      | Reached XP level 7. HP: 25/45 MP: 0/0
  5474 | D:4      | Learned a level 2 spell: Wereblood
  5789 | D:4      | Found a sacrificial altar of Ru.
  6163 | D:4      | Found an opulent altar of Gozag.
  6468 | D:5      | Entered Level 5 of the Dungeon
  6539 | D:5      | Reached XP level 8. HP: 35/51 MP: 0/0
  6696 | D:5      | Noticed a wraith
  6700 | D:5      | Killed a wraith
  6701 | D:5      | Reached skill level 1 in Fighting
  6701 | D:5      | Reached skill level 1 in Long Blades
  6701 | D:5      | Reached skill level 1 in Armour
  7191 | D:5      | HP: 2/54 [centaur/arrow (14)]
  7582 | D:6      | Noticed Eustachio
  7596 | D:6      | Killed Eustachio
  7602 | D:6      | Reached XP level 9. HP: 24/59 MP: 0/0
  7602 | D:6      | Learned a level 3 spell: Tukima's Dance
  8479 | D:6      | Noticed a two-headed ogre
  8501 | D:6      | Killed a two-headed ogre
  8502 | D:6      | Reached skill level 5 in Dodging
  9150 | D:7      | Found a staircase to the Ecumenical Temple.
  9234 | Temple   | Entered the Ecumenical Temple
  9447 | D:7      | Reached XP level 10. HP: 69/69 MP: 0/0
  9608 | D:7      | Reached skill level 5 in Fighting
  9608 | D:7      | Reached skill level 5 in Stealth
  9611 | D:7      | Reached skill level 5 in Armour
 10045 | D:7      | Noticed a manticore
 10062 | D:7      | Killed a manticore
 10456 | D:8      | Found a flagged portal.
 10466 | Bailey   | Entered a bailey
 11245 | Bailey   | Noticed Grum
 11246 | Bailey   | Reached skill level 5 in Long Blades
 11253 | Bailey   | Killed Grum
 12244 | D:8      | Found a burning altar of Makhleb.
 12248 | D:8      | Reached XP level 11. HP: 70/76 MP: 0/0
 12248 | D:8      | Learned a level 5 spell: Yara's Violent Unravelling
 13769 | D:8      | Found a stormy altar of Qazlal.
 14231 | D:9      | Noticed a two-headed ogre
 14246 | D:9      | Killed a two-headed ogre
 14252 | D:9      | Noticed a two-headed ogre
 14402 | D:9      | Killed a two-headed ogre
 14553 | D:9      | Found a staircase to the Lair.
 16085 | D:9      | Found a staircase to the Orcish Mines.
 16205 | Lair:1   | Entered Level 1 of the Lair of Beasts
 16269 | Lair:1   | Noticed a five-headed hydra
 16293 | Lair:1   | Killed a five-headed hydra
 16716 | Lair:1   | Reached XP level 12. HP: 65/85 MP: 0/0
 17964 | Lair:2   | Noticed Sonja
 17987 | Lair:2   | Killed Sonja
 18331 | Lair:2   | Noticed Maggie
 18339 | Lair:2   | Noticed a six-headed hydra
 18342 | Lair:2   | Killed Maggie
 18945 | Lair:2   | Killed a six-headed hydra
 20705 | Lair:3   | Found a staircase to the Snake Pit.
 20865 | Lair:3   | Reached XP level 13. HP: 50/92 MP: 0/0
 20865 | Lair:3   | Learned a level 5 spell: Iskenderun's Battlesphere
 21618 | Lair:3   | Found a runed translucent door.
 21630 | Lair:3   | Noticed Jenx's ghost (journeyman TrMo)
 22653 | Lair:4   | Noticed a catoblepas
 23253 | D:10     | Entered Level 10 of the Dungeon
 23314 | D:10     | Found a glowing silver altar of Zin.
 23537 | D:10     | Found a hazy altar of Hepliaklqana.
 23538 | D:10     | Found a shimmering altar of Xom.
 24219 | D:10     | Noticed a boulder beetle
 24238 | D:10     | Killed a boulder beetle
 24257 | D:10     | Identified the amulet "Virra" {Acrobat rPois rC- rCorr}
 24873 | D:10     | Noticed a fire dragon
 24888 | D:10     | Killed a fire dragon
 25237 | D:10     | Found a runed translucent door.
 25238 | D:10     | Found a runed translucent door.
 25238 | D:10     | Noticed a centaur warrior
 26510 | Lair:4   | Found a staircase to the Shoals.
 26951 | Lair:4   | Killed a catoblepas
 28127 | Lair:4   | Identified the +10 rapier "Worm's Wrath" {holy, Will+}
 28599 | Lair:5   | Noticed a seven-headed hydra
 28599 | Lair:5   | Noticed a four-headed hydra
 28678 | Lair:5   | Mangled by a cane toad

Illustrated notes

Levels and vault maps discovered:
D:1:      psy_arrival_basics, layout_loops_ring, minivault_5
D:2:      layout_loops_ring, serial_glass, glass_columns_a, glass_columns_b,
          basic_ecumenical_altar, skrybe_limestone_x, minmay_hexomino_p4
D:3:      layout_basic, elyvilon_altar_5
D:4:      layout_rooms, minitemple, cheibrodos_sewer_entry_bend,
          grunt_ministairs_15, uniq_robin
D:5:      layout_cave_pools
D:6:      layout_basic, kb_rosetta, uniq_eustachio
D:7:      layout_basic, temple_green
D:8:      layout_loops_corners, mainiacjoe_overflow_alcove_1,
          makhleb_blood_cavern_becter, enter_bailey_2,
          nicolae_ossuary_entry_giza
D:9:      layout_irregular_city, lair_entry_dummy, erik_orc_1
D:10:     minmay_the_grid_four_pointed_star
          [minmay_the_grid_triangle_9x9_longest,
          minmay_the_grid_triangle_9x9_sprig,
          minmay_the_grid_triangle_9x9_impossible_snake,
          minmay_the_grid_triangle_9x9_tough_junction,
          minmay_the_grid_prize_trominoes], layout_cave_pods,
          mainiacjoe_overflow_paths, regret_index_temple_of_mockery
Temple:   jpeg_temple_clearing
Lair:1:   layout_small_grid, chequers_serial_rivers_room_a
Lair:2:   layout_roguey, infiniplex_staircase_pool, uniq_maggie, uniq_sonja
Lair:3:   layout_cave_pods, guppyfry_snake_entry_island,
          hellmonk_ghost_happy_afterlife, lemuel_fruit_fields
Lair:4:   layout_gridlike, shoals_dummy_entry
Lair:5:   layout_concentric_octagons, st_stairs_3, grunt_megastairs_4

Skill      XL: |  1  2  3  4  5  6  7  8  9 10 11 12 13 |
---------------+----------------------------------------+-----
Spellcasting   | 4 5 6 7 8 9 |  9.3
Fighting       | 2 4 5 7 8 9 |  9.3
Long Blades    | 2 3 5 6 7 8 |  8.4
Armour         | 2 4 5 7 8 9 |  9.2
Stealth        | 3 4 5 6 7 8 |  8.7
Dodging        | 4 5 6 8 9 |  9.0

Action                   |  1- 3 |  4- 6 |  7- 9 | 10-12 | 13-15 || total
-------------------------+-------+-------+-------+-------+-------++-------
Melee: Great sword       |       |       |    19 |    44 |    13 ||    76
Throw: Throwing net      |       |       |       |       |     2 ||     2
 Cast: Magic Dart        |    84 |   114 |    93 |   241 |   105 ||   637
       Searing Ray       |     1 |     7 |     8 |    33 |    17 ||    66
       Fulminant Prism   |       |     3 |    19 |    76 |    39 ||   137
       Iskenderun's Myst |       |     4 |    15 |   145 |    84 ||   248
       Summon Small Mamm |       |       |     2 |       |       ||     2
       Tukima's Dance    |       |       |     1 |     1 |       ||     2
       Iskenderun's Batt |       |       |       |       |    16 ||    16
  Use: Scroll            |       |     3 |     4 |    14 |     5 ||    26
       Potion            |       |       |     1 |       |     1 ||     2
 Stab: Sleeping          |       |       |     1 |     4 |     4 ||     9
Armor: Robe              |     2 |     1 |     6 |    12 |     4 ||    25
Dodge: Dodged            |    13 |    11 |    31 |    87 |    33 ||   175
